Workbook

Sheet Contas
A1: Contas a pagar
A2: Uma linha por conta. A situação muda sozinha pela data de hoje. Preencha o pagamento quando pagar.
A4: Conta | B4: Categoria | C4: Vencimento | D4: Valor (R$) | E4: Pago em | F4: Valor pago (R$) | G4: Situação | H4: Dias para vencer | I4: Juros e multa | J4: Observação
A5: Aluguel | B5: Moradia | C5: 46392 | D5: 1450 | E5: 46391 | F5: 1450 | G5: =IF(C5="","",IF(ISNUMBER(E5),"Pago",IF(C5<Resumo!$B$3,"Vencida",IF(C5-Resumo!$B$3<=7,"Vence em 7 dias","A vencer")))) -> Pago | H5: =IF(OR(C5="",ISNUMBER(E5)),"",C5-Resumo!$B$3) | I5: =IF(OR(NOT(ISNUMBER(E5)),NOT(ISNUMBER(F5))),"",MAX(0,F5-D5)) -> 0
A6: Energia elétrica | B6: Moradia | C6: 46397 | D6: 168.4 | E6: 46399 | F6: 171.9 | G6: =IF(C6="","",IF(ISNUMBER(E6),"Pago",IF(C6<Resumo!$B$3,"Vencida",IF(C6-Resumo!$B$3<=7,"Vence em 7 dias","A vencer")))) -> Pago | H6: =IF(OR(C6="",ISNUMBER(E6)),"",C6-Resumo!$B$3) | I6: =IF(OR(NOT(ISNUMBER(E6)),NOT(ISNUMBER(F6))),"",MAX(0,F6-D6)) -> 3.5 | J6: Pagou 2 dias depois
A7: Internet | B7: Moradia | C7: 46399 | D7: 99.9 | E7: 46398 | F7: 99.9 | G7: =IF(C7="","",IF(ISNUMBER(E7),"Pago",IF(C7<Resumo!$B$3,"Vencida",IF(C7-Resumo!$B$3<=7,"Vence em 7 dias","A vencer")))) -> Pago | H7: =IF(OR(C7="",ISNUMBER(E7)),"",C7-Resumo!$B$3) | I7: =IF(OR(NOT(ISNUMBER(E7)),NOT(ISNUMBER(F7))),"",MAX(0,F7-D7)) -> 0
A8: Cartão de crédito | B8: Cartão | C8: 46402 | D8: 1320.5 | G8: =IF(C8="","",IF(ISNUMBER(E8),"Pago",IF(C8<Resumo!$B$3,"Vencida",IF(C8-Resumo!$B$3<=7,"Vence em 7 dias","A vencer")))) -> A vencer | H8: =IF(OR(C8="",ISNUMBER(E8)),"",C8-Resumo!$B$3) -> 73 | I8: =IF(OR(NOT(ISNUMBER(E8)),NOT(ISNUMBER(F8))),"",MAX(0,F8-D8))
A9: Plano de saúde | B9: Saúde | C9: 46407 | D9: 412 | G9: =IF(C9="","",IF(ISNUMBER(E9),"Pago",IF(C9<Resumo!$B$3,"Vencida",IF(C9-Resumo!$B$3<=7,"Vence em 7 dias","A vencer")))) -> A vencer | H9: =IF(OR(C9="",ISNUMBER(E9)),"",C9-Resumo!$B$3) -> 78 | I9: =IF(OR(NOT(ISNUMBER(E9)),NOT(ISNUMBER(F9))),"",MAX(0,F9-D9))
A10: Seguro do carro | B10: Transporte | C10: 46415 | D10: 235 | G10: =IF(C10="","",IF(ISNUMBER(E10),"Pago",IF(C10<Resumo!$B$3,"Vencida",IF(C10-Resumo!$B$3<=7,"Vence em 7 dias","A vencer")))) -> A vencer | H10: =IF(OR(C10="",ISNUMBER(E10)),"",C10-Resumo!$B$3) -> 86 | I10: =IF(OR(NOT(ISNUMBER(E10)),NOT(ISNUMBER(F10))),"",MAX(0,F10-D10)) | J10: Parcela 3 de 10
A11: Aluguel | B11: Moradia | C11: 46423 | D11: 1450 | G11: =IF(C11="","",IF(ISNUMBER(E11),"Pago",IF(C11<Resumo!$B$3,"Vencida",IF(C11-Resumo!$B$3<=7,"Vence em 7 dias","A vencer")))) -> A vencer | H11: =IF(OR(C11="",ISNUMBER(E11)),"",C11-Resumo!$B$3) -> 94 | I11: =IF(OR(NOT(ISNUMBER(E11)),NOT(ISNUMBER(F11))),"",MAX(0,F11-D11))
A12: Energia elétrica | B12: Moradia | C12: 46428 | D12: 175 | G12: =IF(C12="","",IF(ISNUMBER(E12),"Pago",IF(C12<Resumo!$B$3,"Vencida",IF(C12-Resumo!$B$3<=7,"Vence em 7 dias","A vencer")))) -> A vencer | H12: =IF(OR(C12="",ISNUMBER(E12)),"",C12-Resumo!$B$3) -> 99 | I12: =IF(OR(NOT(ISNUMBER(E12)),NOT(ISNUMBER(F12))),"",MAX(0,F12-D12)) | J12: Valor estimado
A13: Internet | B13: Moradia | C13: 46430 | D13: 99.9 | G13: =IF(C13="","",IF(ISNUMBER(E13),"Pago",IF(C13<Resumo!$B$3,"Vencida",IF(C13-Resumo!$B$3<=7,"Vence em 7 dias","A vencer")))) -> A vencer | H13: =IF(OR(C13="",ISNUMBER(E13)),"",C13-Resumo!$B$3) -> 101 | I13: =IF(OR(NOT(ISNUMBER(E13)),NOT(ISNUMBER(F13))),"",MAX(0,F13-D13))
A14: IPVA | B14: Transporte | C14: 46444 | D14: 780 | G14: =IF(C14="","",IF(ISNUMBER(E14),"Pago",IF(C14<Resumo!$B$3,"Vencida",IF(C14-Resumo!$B$3<=7,"Vence em 7 dias","A vencer")))) -> A vencer | H14: =IF(OR(C14="",ISNUMBER(E14)),"",C14-Resumo!$B$3) -> 115 | I14: =IF(OR(NOT(ISNUMBER(E14)),NOT(ISNUMBER(F14))),"",MAX(0,F14-D14)) | J14: Cota única
G15: =IF(C15="","",IF(ISNUMBER(E15),"Pago",IF(C15<Resumo!$B$3,"Vencida",IF(C15-Resumo!$B$3<=7,"Vence em 7 dias","A vencer")))) | H15: =IF(OR(C15="",ISNUMBER(E15)),"",C15-Resumo!$B$3) | I15: =IF(OR(NOT(ISNUMBER(E15)),NOT(ISNUMBER(F15))),"",MAX(0,F15-D15))
G16: =IF(C16="","",IF(ISNUMBER(E16),"Pago",IF(C16<Resumo!$B$3,"Vencida",IF(C16-Resumo!$B$3<=7,"Vence em 7 dias","A vencer")))) | H16: =IF(OR(C16="",ISNUMBER(E16)),"",C16-Resumo!$B$3) | I16: =IF(OR(NOT(ISNUMBER(E16)),NOT(ISNUMBER(F16))),"",MAX(0,F16-D16))
G17: =IF(C17="","",IF(ISNUMBER(E17),"Pago",IF(C17<Resumo!$B$3,"Vencida",IF(C17-Resumo!$B$3<=7,"Vence em 7 dias","A vencer")))) | H17: =IF(OR(C17="",ISNUMBER(E17)),"",C17-Resumo!$B$3) | I17: =IF(OR(NOT(ISNUMBER(E17)),NOT(ISNUMBER(F17))),"",MAX(0,F17-D17))
G18: =IF(C18="","",IF(ISNUMBER(E18),"Pago",IF(C18<Resumo!$B$3,"Vencida",IF(C18-Resumo!$B$3<=7,"Vence em 7 dias","A vencer")))) | H18: =IF(OR(C18="",ISNUMBER(E18)),"",C18-Resumo!$B$3) | I18: =IF(OR(NOT(ISNUMBER(E18)),NOT(ISNUMBER(F18))),"",MAX(0,F18-D18))
G19: =IF(C19="","",IF(ISNUMBER(E19),"Pago",IF(C19<Resumo!$B$3,"Vencida",IF(C19-Resumo!$B$3<=7,"Vence em 7 dias","A vencer")))) | H19: =IF(OR(C19="",ISNUMBER(E19)),"",C19-Resumo!$B$3) | I19: =IF(OR(NOT(ISNUMBER(E19)),NOT(ISNUMBER(F19))),"",MAX(0,F19-D19))
G20: =IF(C20="","",IF(ISNUMBER(E20),"Pago",IF(C20<Resumo!$B$3,"Vencida",IF(C20-Resumo!$B$3<=7,"Vence em 7 dias","A vencer")))) | H20: =IF(OR(C20="",ISNUMBER(E20)),"",C20-Resumo!$B$3) | I20: =IF(OR(NOT(ISNUMBER(E20)),NOT(ISNUMBER(F20))),"",MAX(0,F20-D20))
G21: =IF(C21="","",IF(ISNUMBER(E21),"Pago",IF(C21<Resumo!$B$3,"Vencida",IF(C21-Resumo!$B$3<=7,"Vence em 7 dias","A vencer")))) | H21: =IF(OR(C21="",ISNUMBER(E21)),"",C21-Resumo!$B$3) | I21: =IF(OR(NOT(ISNUMBER(E21)),NOT(ISNUMBER(F21))),"",MAX(0,F21-D21))
G22: =IF(C22="","",IF(ISNUMBER(E22),"Pago",IF(C22<Resumo!$B$3,"Vencida",IF(C22-Resumo!$B$3<=7,"Vence em 7 dias","A vencer")))) | H22: =IF(OR(C22="",ISNUMBER(E22)),"",C22-Resumo!$B$3) | I22: =IF(OR(NOT(ISNUMBER(E22)),NOT(ISNUMBER(F22))),"",MAX(0,F22-D22))
G23: =IF(C23="","",IF(ISNUMBER(E23),"Pago",IF(C23<Resumo!$B$3,"Vencida",IF(C23-Resumo!$B$3<=7,"Vence em 7 dias","A vencer")))) | H23: =IF(OR(C23="",ISNUMBER(E23)),"",C23-Resumo!$B$3) | I23: =IF(OR(NOT(ISNUMBER(E23)),NOT(ISNUMBER(F23))),"",MAX(0,F23-D23))
G24: =IF(C24="","",IF(ISNUMBER(E24),"Pago",IF(C24<Resumo!$B$3,"Vencida",IF(C24-Resumo!$B$3<=7,"Vence em 7 dias","A vencer")))) | H24: =IF(OR(C24="",ISNUMBER(E24)),"",C24-Resumo!$B$3) | I24: =IF(OR(NOT(ISNUMBER(E24)),NOT(ISNUMBER(F24))),"",MAX(0,F24-D24))
G25: =IF(C25="","",IF(ISNUMBER(E25),"Pago",IF(C25<Resumo!$B$3,"Vencida",IF(C25-Resumo!$B$3<=7,"Vence em 7 dias","A vencer")))) | H25: =IF(OR(C25="",ISNUMBER(E25)),"",C25-Resumo!$B$3) | I25: =IF(OR(NOT(ISNUMBER(E25)),NOT(ISNUMBER(F25))),"",MAX(0,F25-D25))
G26: =IF(C26="","",IF(ISNUMBER(E26),"Pago",IF(C26<Resumo!$B$3,"Vencida",IF(C26-Resumo!$B$3<=7,"Vence em 7 dias","A vencer")))) | H26: =IF(OR(C26="",ISNUMBER(E26)),"",C26-Resumo!$B$3) | I26: =IF(OR(NOT(ISNUMBER(E26)),NOT(ISNUMBER(F26))),"",MAX(0,F26-D26))
... G304: =IF(C304="","",IF(ISNUMBER(E304),"Pago",IF(C304<Resumo!$B$3,"Vencida",IF(C304-Resumo!$B$3<=7,"Vence em 7 dias","A vencer")))) | H304: =IF(OR(C304="",ISNUMBER(E304)),"",C304-Resumo!$B$3) | I304: =IF(OR(NOT(ISNUMBER(E304)),NOT(ISNUMBER(F304))),"",MAX(0,F304-D304))

Sheet Resumo
A1: Resumo das contas
A2: A data de hoje vem do computador. Para simular outra data, troque a fórmula da célula B3 por uma data.
A3: Data de hoje | B3: =TODAY() -> 46329
A4: Ano dos meses abaixo | B4: 2027
A6: Situação | B6: Contas | C6: Valor (R$)
A7: Vencida | B7: =COUNTIF(Contas!$G$5:$G$304,A7) -> 0 | C7: =SUMIF(Contas!$G$5:$G$304,A7,Contas!$D$5:$D$304) -> 0
A8: Vence em 7 dias | B8: =COUNTIF(Contas!$G$5:$G$304,A8) -> 0 | C8: =SUMIF(Contas!$G$5:$G$304,A8,Contas!$D$5:$D$304) -> 0
A9: A vencer | B9: =COUNTIF(Contas!$G$5:$G$304,A9) -> 7 | C9: =SUMIF(Contas!$G$5:$G$304,A9,Contas!$D$5:$D$304) -> 4472.4
A10: Pago | B10: =COUNTIF(Contas!$G$5:$G$304,A10) -> 3 | C10: =SUMIF(Contas!$G$5:$G$304,A10,Contas!$F$5:$F$304) -> 1721.8
A11: Pago mostra o valor efetivamente pago; as outras linhas mostram o valor da conta.
A12: Mês | B12: Total a pagar | C12: Pago | D12: Em aberto | E12: Juros e multa | F12: Contas no mês
A13: Janeiro | B13: =SUMIFS(Contas!$D$5:$D$304,Contas!$C$5:$C$304,">="&DATE($B$4,1,1),Contas!$C$5:$C$304,"<"&DATE($B$4,2,1)) -> 3685.8 | C13: =SUMIFS(Contas!$F$5:$F$304,Contas!$C$5:$C$304,">="&DATE($B$4,1,1),Contas!$C$5:$C$304,"<"&DATE($B$4,2,1)) -> 1721.8 | D13: =SUMIFS(Contas!$D$5:$D$304,Contas!$G$5:$G$304,"<>Pago",Contas!$C$5:$C$304,">="&DATE($B$4,1,1),Contas!$C$5:$C$304,"<"&DATE($B$4,2,1)) -> 1967.5 | E13: =SUMIFS(Contas!$I$5:$I$304,Contas!$C$5:$C$304,">="&DATE($B$4,1,1),Contas!$C$5:$C$304,"<"&DATE($B$4,2,1)) -> 3.5 | F13: =COUNTIFS(Contas!$C$5:$C$304,">="&DATE($B$4,1,1),Contas!$C$5:$C$304,"<"&DATE($B$4,2,1)) -> 6
A14: Fevereiro | B14: =SUMIFS(Contas!$D$5:$D$304,Contas!$C$5:$C$304,">="&DATE($B$4,2,1),Contas!$C$5:$C$304,"<"&DATE($B$4,3,1)) -> 2504.9 | C14: =SUMIFS(Contas!$F$5:$F$304,Contas!$C$5:$C$304,">="&DATE($B$4,2,1),Contas!$C$5:$C$304,"<"&DATE($B$4,3,1)) -> 0 | D14: =SUMIFS(Contas!$D$5:$D$304,Contas!$G$5:$G$304,"<>Pago",Contas!$C$5:$C$304,">="&DATE($B$4,2,1),Contas!$C$5:$C$304,"<"&DATE($B$4,3,1)) -> 2504.9 | E14: =SUMIFS(Contas!$I$5:$I$304,Contas!$C$5:$C$304,">="&DATE($B$4,2,1),Contas!$C$5:$C$304,"<"&DATE($B$4,3,1)) -> 0 | F14: =COUNTIFS(Contas!$C$5:$C$304,">="&DATE($B$4,2,1),Contas!$C$5:$C$304,"<"&DATE($B$4,3,1)) -> 4
A15: Março | B15: =SUMIFS(Contas!$D$5:$D$304,Contas!$C$5:$C$304,">="&DATE($B$4,3,1),Contas!$C$5:$C$304,"<"&DATE($B$4,4,1)) -> 0 | C15: =SUMIFS(Contas!$F$5:$F$304,Contas!$C$5:$C$304,">="&DATE($B$4,3,1),Contas!$C$5:$C$304,"<"&DATE($B$4,4,1)) -> 0 | D15: =SUMIFS(Contas!$D$5:$D$304,Contas!$G$5:$G$304,"<>Pago",Contas!$C$5:$C$304,">="&DATE($B$4,3,1),Contas!$C$5:$C$304,"<"&DATE($B$4,4,1)) -> 0 | E15: =SUMIFS(Contas!$I$5:$I$304,Contas!$C$5:$C$304,">="&DATE($B$4,3,1),Contas!$C$5:$C$304,"<"&DATE($B$4,4,1)) -> 0 | F15: =COUNTIFS(Contas!$C$5:$C$304,">="&DATE($B$4,3,1),Contas!$C$5:$C$304,"<"&DATE($B$4,4,1)) -> 0
A16: Abril | B16: =SUMIFS(Contas!$D$5:$D$304,Contas!$C$5:$C$304,">="&DATE($B$4,4,1),Contas!$C$5:$C$304,"<"&DATE($B$4,5,1)) -> 0 | C16: =SUMIFS(Contas!$F$5:$F$304,Contas!$C$5:$C$304,">="&DATE($B$4,4,1),Contas!$C$5:$C$304,"<"&DATE($B$4,5,1)) -> 0 | D16: =SUMIFS(Contas!$D$5:$D$304,Contas!$G$5:$G$304,"<>Pago",Contas!$C$5:$C$304,">="&DATE($B$4,4,1),Contas!$C$5:$C$304,"<"&DATE($B$4,5,1)) -> 0 | E16: =SUMIFS(Contas!$I$5:$I$304,Contas!$C$5:$C$304,">="&DATE($B$4,4,1),Contas!$C$5:$C$304,"<"&DATE($B$4,5,1)) -> 0 | F16: =COUNTIFS(Contas!$C$5:$C$304,">="&DATE($B$4,4,1),Contas!$C$5:$C$304,"<"&DATE($B$4,5,1)) -> 0
A17: Maio | B17: =SUMIFS(Contas!$D$5:$D$304,Contas!$C$5:$C$304,">="&DATE($B$4,5,1),Contas!$C$5:$C$304,"<"&DATE($B$4,6,1)) -> 0 | C17: =SUMIFS(Contas!$F$5:$F$304,Contas!$C$5:$C$304,">="&DATE($B$4,5,1),Contas!$C$5:$C$304,"<"&DATE($B$4,6,1)) -> 0 | D17: =SUMIFS(Contas!$D$5:$D$304,Contas!$G$5:$G$304,"<>Pago",Contas!$C$5:$C$304,">="&DATE($B$4,5,1),Contas!$C$5:$C$304,"<"&DATE($B$4,6,1)) -> 0 | E17: =SUMIFS(Contas!$I$5:$I$304,Contas!$C$5:$C$304,">="&DATE($B$4,5,1),Contas!$C$5:$C$304,"<"&DATE($B$4,6,1)) -> 0 | F17: =COUNTIFS(Contas!$C$5:$C$304,">="&DATE($B$4,5,1),Contas!$C$5:$C$304,"<"&DATE($B$4,6,1)) -> 0
A18: Junho | B18: =SUMIFS(Contas!$D$5:$D$304,Contas!$C$5:$C$304,">="&DATE($B$4,6,1),Contas!$C$5:$C$304,"<"&DATE($B$4,7,1)) -> 0 | C18: =SUMIFS(Contas!$F$5:$F$304,Contas!$C$5:$C$304,">="&DATE($B$4,6,1),Contas!$C$5:$C$304,"<"&DATE($B$4,7,1)) -> 0 | D18: =SUMIFS(Contas!$D$5:$D$304,Contas!$G$5:$G$304,"<>Pago",Contas!$C$5:$C$304,">="&DATE($B$4,6,1),Contas!$C$5:$C$304,"<"&DATE($B$4,7,1)) -> 0 | E18: =SUMIFS(Contas!$I$5:$I$304,Contas!$C$5:$C$304,">="&DATE($B$4,6,1),Contas!$C$5:$C$304,"<"&DATE($B$4,7,1)) -> 0 | F18: =COUNTIFS(Contas!$C$5:$C$304,">="&DATE($B$4,6,1),Contas!$C$5:$C$304,"<"&DATE($B$4,7,1)) -> 0
A19: Julho | B19: =SUMIFS(Contas!$D$5:$D$304,Contas!$C$5:$C$304,">="&DATE($B$4,7,1),Contas!$C$5:$C$304,"<"&DATE($B$4,8,1)) -> 0 | C19: =SUMIFS(Contas!$F$5:$F$304,Contas!$C$5:$C$304,">="&DATE($B$4,7,1),Contas!$C$5:$C$304,"<"&DATE($B$4,8,1)) -> 0 | D19: =SUMIFS(Contas!$D$5:$D$304,Contas!$G$5:$G$304,"<>Pago",Contas!$C$5:$C$304,">="&DATE($B$4,7,1),Contas!$C$5:$C$304,"<"&DATE($B$4,8,1)) -> 0 | E19: =SUMIFS(Contas!$I$5:$I$304,Contas!$C$5:$C$304,">="&DATE($B$4,7,1),Contas!$C$5:$C$304,"<"&DATE($B$4,8,1)) -> 0 | F19: =COUNTIFS(Contas!$C$5:$C$304,">="&DATE($B$4,7,1),Contas!$C$5:$C$304,"<"&DATE($B$4,8,1)) -> 0
A20: Agosto | B20: =SUMIFS(Contas!$D$5:$D$304,Contas!$C$5:$C$304,">="&DATE($B$4,8,1),Contas!$C$5:$C$304,"<"&DATE($B$4,9,1)) -> 0 | C20: =SUMIFS(Contas!$F$5:$F$304,Contas!$C$5:$C$304,">="&DATE($B$4,8,1),Contas!$C$5:$C$304,"<"&DATE($B$4,9,1)) -> 0 | D20: =SUMIFS(Contas!$D$5:$D$304,Contas!$G$5:$G$304,"<>Pago",Contas!$C$5:$C$304,">="&DATE($B$4,8,1),Contas!$C$5:$C$304,"<"&DATE($B$4,9,1)) -> 0 | E20: =SUMIFS(Contas!$I$5:$I$304,Contas!$C$5:$C$304,">="&DATE($B$4,8,1),Contas!$C$5:$C$304,"<"&DATE($B$4,9,1)) -> 0 | F20: =COUNTIFS(Contas!$C$5:$C$304,">="&DATE($B$4,8,1),Contas!$C$5:$C$304,"<"&DATE($B$4,9,1)) -> 0
A21: Setembro | B21: =SUMIFS(Contas!$D$5:$D$304,Contas!$C$5:$C$304,">="&DATE($B$4,9,1),Contas!$C$5:$C$304,"<"&DATE($B$4,10,1)) -> 0 | C21: =SUMIFS(Contas!$F$5:$F$304,Contas!$C$5:$C$304,">="&DATE($B$4,9,1),Contas!$C$5:$C$304,"<"&DATE($B$4,10,1)) -> 0 | D21: =SUMIFS(Contas!$D$5:$D$304,Contas!$G$5:$G$304,"<>Pago",Contas!$C$5:$C$304,">="&DATE($B$4,9,1),Contas!$C$5:$C$304,"<"&DATE($B$4,10,1)) -> 0 | E21: =SUMIFS(Contas!$I$5:$I$304,Contas!$C$5:$C$304,">="&DATE($B$4,9,1),Contas!$C$5:$C$304,"<"&DATE($B$4,10,1)) -> 0 | F21: =COUNTIFS(Contas!$C$5:$C$304,">="&DATE($B$4,9,1),Contas!$C$5:$C$304,"<"&DATE($B$4,10,1)) -> 0
A22: Outubro | B22: =SUMIFS(Contas!$D$5:$D$304,Contas!$C$5:$C$304,">="&DATE($B$4,10,1),Contas!$C$5:$C$304,"<"&DATE($B$4,11,1)) -> 0 | C22: =SUMIFS(Contas!$F$5:$F$304,Contas!$C$5:$C$304,">="&DATE($B$4,10,1),Contas!$C$5:$C$304,"<"&DATE($B$4,11,1)) -> 0 | D22: =SUMIFS(Contas!$D$5:$D$304,Contas!$G$5:$G$304,"<>Pago",Contas!$C$5:$C$304,">="&DATE($B$4,10,1),Contas!$C$5:$C$304,"<"&DATE($B$4,11,1)) -> 0 | E22: =SUMIFS(Contas!$I$5:$I$304,Contas!$C$5:$C$304,">="&DATE($B$4,10,1),Contas!$C$5:$C$304,"<"&DATE($B$4,11,1)) -> 0 | F22: =COUNTIFS(Contas!$C$5:$C$304,">="&DATE($B$4,10,1),Contas!$C$5:$C$304,"<"&DATE($B$4,11,1)) -> 0
A23: Novembro | B23: =SUMIFS(Contas!$D$5:$D$304,Contas!$C$5:$C$304,">="&DATE($B$4,11,1),Contas!$C$5:$C$304,"<"&DATE($B$4,12,1)) -> 0 | C23: =SUMIFS(Contas!$F$5:$F$304,Contas!$C$5:$C$304,">="&DATE($B$4,11,1),Contas!$C$5:$C$304,"<"&DATE($B$4,12,1)) -> 0 | D23: =SUMIFS(Contas!$D$5:$D$304,Contas!$G$5:$G$304,"<>Pago",Contas!$C$5:$C$304,">="&DATE($B$4,11,1),Contas!$C$5:$C$304,"<"&DATE($B$4,12,1)) -> 0 | E23: =SUMIFS(Contas!$I$5:$I$304,Contas!$C$5:$C$304,">="&DATE($B$4,11,1),Contas!$C$5:$C$304,"<"&DATE($B$4,12,1)) -> 0 | F23: =COUNTIFS(Contas!$C$5:$C$304,">="&DATE($B$4,11,1),Contas!$C$5:$C$304,"<"&DATE($B$4,12,1)) -> 0
A24: Dezembro | B24: =SUMIFS(Contas!$D$5:$D$304,Contas!$C$5:$C$304,">="&DATE($B$4,12,1),Contas!$C$5:$C$304,"<"&DATE($B$4,13,1)) -> 0 | C24: =SUMIFS(Contas!$F$5:$F$304,Contas!$C$5:$C$304,">="&DATE($B$4,12,1),Contas!$C$5:$C$304,"<"&DATE($B$4,13,1)) -> 0 | D24: =SUMIFS(Contas!$D$5:$D$304,Contas!$G$5:$G$304,"<>Pago",Contas!$C$5:$C$304,">="&DATE($B$4,12,1),Contas!$C$5:$C$304,"<"&DATE($B$4,13,1)) -> 0 | E24: =SUMIFS(Contas!$I$5:$I$304,Contas!$C$5:$C$304,">="&DATE($B$4,12,1),Contas!$C$5:$C$304,"<"&DATE($B$4,13,1)) -> 0 | F24: =COUNTIFS(Contas!$C$5:$C$304,">="&DATE($B$4,12,1),Contas!$C$5:$C$304,"<"&DATE($B$4,13,1)) -> 0
A25: Total do ano | B25: =SUM(B13:B24) -> 6190.7 | C25: =SUM(C13:C24) -> 1721.8 | D25: =SUM(D13:D24) -> 4472.4 | E25: =SUM(E13:E24) -> 3.5 | F25: =SUM(F13:F24) -> 10
A27: Categorias de conta (edite as amarelas)
A28: Categoria | B28: Total no ano | C28: Em aberto
A29: Moradia | B29: =SUMIFS(Contas!$D$5:$D$304,Contas!$B$5:$B$304,A29,Contas!$C$5:$C$304,">="&DATE($B$4,1,1),Contas!$C$5:$C$304,"<"&DATE($B$4+1,1,1)) -> 3443.2 | C29: =SUMIFS(Contas!$D$5:$D$304,Contas!$B$5:$B$304,A29,Contas!$G$5:$G$304,"<>Pago",Contas!$C$5:$C$304,">="&DATE($B$4,1,1),Contas!$C$5:$C$304,"<"&DATE($B$4+1,1,1)) -> 1724.9
A30: Cartão | B30: =SUMIFS(Contas!$D$5:$D$304,Contas!$B$5:$B$304,A30,Contas!$C$5:$C$304,">="&DATE($B$4,1,1),Contas!$C$5:$C$304,"<"&DATE($B$4+1,1,1)) -> 1320.5 | C30: =SUMIFS(Contas!$D$5:$D$304,Contas!$B$5:$B$304,A30,Contas!$G$5:$G$304,"<>Pago",Contas!$C$5:$C$304,">="&DATE($B$4,1,1),Contas!$C$5:$C$304,"<"&DATE($B$4+1,1,1)) -> 1320.5
A31: Saúde | B31: =SUMIFS(Contas!$D$5:$D$304,Contas!$B$5:$B$304,A31,Contas!$C$5:$C$304,">="&DATE($B$4,1,1),Contas!$C$5:$C$304,"<"&DATE($B$4+1,1,1)) -> 412 | C31: =SUMIFS(Contas!$D$5:$D$304,Contas!$B$5:$B$304,A31,Contas!$G$5:$G$304,"<>Pago",Contas!$C$5:$C$304,">="&DATE($B$4,1,1),Contas!$C$5:$C$304,"<"&DATE($B$4+1,1,1)) -> 412
A32: Transporte | B32: =SUMIFS(Contas!$D$5:$D$304,Contas!$B$5:$B$304,A32,Contas!$C$5:$C$304,">="&DATE($B$4,1,1),Contas!$C$5:$C$304,"<"&DATE($B$4+1,1,1)) -> 1015 | C32: =SUMIFS(Contas!$D$5:$D$304,Contas!$B$5:$B$304,A32,Contas!$G$5:$G$304,"<>Pago",Contas!$C$5:$C$304,">="&DATE($B$4,1,1),Contas!$C$5:$C$304,"<"&DATE($B$4+1,1,1)) -> 1015
A33: Educação | B33: =SUMIFS(Contas!$D$5:$D$304,Contas!$B$5:$B$304,A33,Contas!$C$5:$C$304,">="&DATE($B$4,1,1),Contas!$C$5:$C$304,"<"&DATE($B$4+1,1,1)) -> 0 | C33: =SUMIFS(Contas!$D$5:$D$304,Contas!$B$5:$B$304,A33,Contas!$G$5:$G$304,"<>Pago",Contas!$C$5:$C$304,">="&DATE($B$4,1,1),Contas!$C$5:$C$304,"<"&DATE($B$4+1,1,1)) -> 0
A34: Assinaturas | B34: =SUMIFS(Contas!$D$5:$D$304,Contas!$B$5:$B$304,A34,Contas!$C$5:$C$304,">="&DATE($B$4,1,1),Contas!$C$5:$C$304,"<"&DATE($B$4+1,1,1)) -> 0 | C34: =SUMIFS(Contas!$D$5:$D$304,Contas!$B$5:$B$304,A34,Contas!$G$5:$G$304,"<>Pago",Contas!$C$5:$C$304,">="&DATE($B$4,1,1),Contas!$C$5:$C$304,"<"&DATE($B$4+1,1,1)) -> 0
A35: Impostos | B35: =SUMIFS(Contas!$D$5:$D$304,Contas!$B$5:$B$304,A35,Contas!$C$5:$C$304,">="&DATE($B$4,1,1),Contas!$C$5:$C$304,"<"&DATE($B$4+1,1,1)) -> 0 | C35: =SUMIFS(Contas!$D$5:$D$304,Contas!$B$5:$B$304,A35,Contas!$G$5:$G$304,"<>Pago",Contas!$C$5:$C$304,">="&DATE($B$4,1,1),Contas!$C$5:$C$304,"<"&DATE($B$4+1,1,1)) -> 0
A36: Financiamento | B36: =SUMIFS(Contas!$D$5:$D$304,Contas!$B$5:$B$304,A36,Contas!$C$5:$C$304,">="&DATE($B$4,1,1),Contas!$C$5:$C$304,"<"&DATE($B$4+1,1,1)) -> 0 | C36: =SUMIFS(Contas!$D$5:$D$304,Contas!$B$5:$B$304,A36,Contas!$G$5:$G$304,"<>Pago",Contas!$C$5:$C$304,">="&DATE($B$4,1,1),Contas!$C$5:$C$304,"<"&DATE($B$4+1,1,1)) -> 0
A37: Lazer | B37: =SUMIFS(Contas!$D$5:$D$304,Contas!$B$5:$B$304,A37,Contas!$C$5:$C$304,">="&DATE($B$4,1,1),Contas!$C$5:$C$304,"<"&DATE($B$4+1,1,1)) -> 0 | C37: =SUMIFS(Contas!$D$5:$D$304,Contas!$B$5:$B$304,A37,Contas!$G$5:$G$304,"<>Pago",Contas!$C$5:$C$304,">="&DATE($B$4,1,1),Contas!$C$5:$C$304,"<"&DATE($B$4+1,1,1)) -> 0
A38: Outros | B38: =SUMIFS(Contas!$D$5:$D$304,Contas!$B$5:$B$304,A38,Contas!$C$5:$C$304,">="&DATE($B$4,1,1),Contas!$C$5:$C$304,"<"&DATE($B$4+1,1,1)) -> 0 | C38: =SUMIFS(Contas!$D$5:$D$304,Contas!$B$5:$B$304,A38,Contas!$G$5:$G$304,"<>Pago",Contas!$C$5:$C$304,">="&DATE($B$4,1,1),Contas!$C$5:$C$304,"<"&DATE($B$4+1,1,1)) -> 0

Sheet Como usar
A1: Como usar
A3: 1 | B3: Na aba Contas, escreva uma linha por conta: nome, categoria, vencimento e valor. Contas que se repetem todo mês ganham uma linha por mês.
A4: 2 | B4: Quando pagar, digite a data em Pago em e o valor em Valor pago. A situação vira Pago. A coluna Juros e multa mostra o que foi pago a mais que o valor da conta.
A5: 3 | B5: A situação se atualiza sozinha pela data de hoje: Vencida, Vence em 7 dias ou A vencer. Vermelho pede atenção agora.
A6: 4 | B6: Na aba Resumo, veja quantas contas e quanto há em cada situação, o total de cada mês e o total por categoria. Digite o ano na célula B4.
A7: 5 | B7: As categorias são as células amarelas da aba Resumo. Renomeie e a lista suspensa da aba Contas acompanha.
A8: 6 | B8: Conta paga com o valor da conta zerado não entra em Juros e multa. Os dados do arquivo são exemplos fictícios.
B10: Modelo gratuito do Excel na prática (baixarexcel.com.br/modelos/). Pode usar, editar e compartilhar.
